 Dungeon Sprint DCSS version 0.30.1-1-g62c8e00024 (webtiles) character file.

Game seed: 12802746098624667786

9100000 boopmooplesden the Axe Maniac (level 27, -8/249 HPs)
             Began as a Demonspawn Gladiator on July 15, 2023.
             Was the Champion of Makhleb.
             Mangled by a bag of meat
             ... wielding a +9 war axe
              (24 damage)
             ... in the Dungeon (Sprint VIII: "Arena of Blood").
             The game lasted 00:06:19 (91 turns).

boopmooplesden the Axe Maniac (Demonspawn Gladiator)  Turns: 91, Time: 00:06:20

Health: -8/249     AC:  6    Str: 26    XL:     27
Magic:  32/51      EV: 29    Int: 10    God:    Makhleb [******]
Gold:   0          SH:  0    Dex: 17    Spells: 74/74 levels left

rFire   . . .        l - +∞ Axe of Woe
rCold   . . .        (shield currently unavailable)
rNeg    . . .        b - +0 leather armour
rPois   .            (helmet unavailable)
rElec   .            (no cloak)
rCorr   .            (gloves unavailable)
SInv    .            (boots unavailable)
Will    ++...        (no amulet)
Stlth   +++++++++    k - +130 ring of slaying
HPRegen 0.61/turn    (no ring)
MPRegen 0.32/turn

%: no teleportation
@: no status effects
A: hooves 3, horns 3, demonic guardian 3, spiny 3, corrupting presence 2, word
of chaos, demonic touch 3
a: Word of Chaos, Renounce Religion, Minor Destruction, Lesser Servant of
Makhleb, Major Destruction, Greater Servant of Makhleb


You were in the Dungeon.
You worshipped Makhleb.
Makhleb was exalted by your worship.
You visited 1 branch

Inventory:

Hand Weapons
 a - a +0 war axe
 l - the +∞ Axe of Woe (weapon)
   (You found it in the Dungeon)
Missiles
 d - 3 throwing nets (quivered)
 e - a javelin
Armour
 b - a +0 leather armour (worn)
 c - a +0 helmet
Jewellery
 k - a +130 ring of slaying (left hand)
Potions
 f - a potion of curing
 g - a potion of heal wounds
 h - a potion of haste
 i - 2 potions of magic
 j - a potion of berserk rage


   Skills:
 O Level 27 Fighting
 + Level 24.8(27) Short Blades
 + Level 23.3(27) Long Blades
 O Level 27 Axes
 + Level 23.3(27) Maces & Flails
 + Level 23.3(27) Polearms
 + Level 23.3(27) Staves
 + Level 23.3 Ranged Weapons
 O Level 27 Throwing
 O Level 27 Armour
 O Level 27 Dodging
 O Level 27 Stealth
 + Level 24.0 Shields
 + Level 24.0 Unarmed Combat
 + Level 24.0 Spellcasting
 + Level 25.9 Conjurations
 + Level 26.5 Hexes
 + Level 26.7 Summonings
 O Level 27 Necromancy
 + Level 24.8 Translocations
 + Level 24.7 Transmutations
 + Level 25.3 Fire Magic
 + Level 25.3 Ice Magic
 + Level 25.3 Air Magic
 + Level 25.3 Earth Magic
 O Level 27 Poison Magic
 O Level 27 Invocations
 O Level 27 Evocations


You had 74 spell levels left.
You didn't know any spells.
Your spell library was empty.

Dungeon Overview and Level Annotations

Branches:
Dungeon (1/1)

Altars:
Makhleb


Innate Abilities, Weirdness & Mutations

You have hooves in place of feet.
You have a pair of large horns on your head.
A powerful demonic guardian rushes to your aid.
You are completely covered in sharp spines.
Your presence sometimes corrodes or deforms those you injure.
You can speak a Word of Chaos.
Your touch may irresistibly damage your foes and sap their willpower.


Message History

Something bites your Hell Sentinel but does no damage. x2
You hear a shout!
A bag of meat comes into view. It is wielding a +9 war axe.
The bag of meat is struck by your spines.
The bag of meat twists and deforms.
The bag of meat closely misses you.
You hear a shout! x4
The meat berserker moves out of view.
Unknown command.
You open the bag of meat like a pillowcase!!!!!
You butcher the bag of meat messily.
You blow up the bag of meat!
Makhleb accepts your kill.
You feel better.
You dice the meat berserker like an onion!!!!
You hew the meat berserker savagely.
You blow up the meat berserker!
Makhleb accepts your kill.
You hear a shout! x4
Unknown command.
Unknown command.
You swap places.
An eight-headed meat hydra comes into view.
You hear a shout! x2
Your Hell Sentinel hits the bag of meat! x2
The eight-headed meat hydra calls on the powers of darkness!
The eight-headed meat hydra convulses!
The bag of meat convulses!
Something is bathed in an unholy light!
The bag of meat convulses! x2
The eight-headed meat hydra convulses! x2; Your body is wracked with pain!
* * * LOW HITPOINT WARNING * * *
You hear a shout! x8
The eight-headed meat hydra calls on the powers of darkness!
The eight-headed meat hydra convulses!
The bag of meat convulses!
Your body is wracked with pain!
* * * LOW HITPOINT WARNING * * *
The eight-headed meat hydra convulses!
Something is bathed in an unholy light!
The bag of meat convulses! x3; The meat berserker convulses!
The eight-headed meat hydra convulses!
The bag of meat is struck by your spines.
The bag of meat hits you with a +9 war axe!!
You die...

##### #######
###..... .=....
........ .. ..
......##.##.##
......... ... ...
.####.....##.##....
..#.........o1)......
.o.#....).).D@#.#....
.z.#....))o)o)D......
#...#...)))))........
.....#...))))....O...
........)))o)........
......)))))..........
#.....)))#)......#...
...#..)).#D......#...
#......###.......###.


You could see 3 eight-headed meat hydras, a meat berserker (berserk,
distracted), 4 bags of meat and a friendly Hell Sentinel (summoned).

Vanquished Creatures
  2 hell beasts (D)
  A royal mummy (D)
  3 wraiths (D)
  Harold (D)
  5 vampire knights (D)
  30 ogres (D)
  6 two-headed ogres (D)
  3 liches (D)
  A hydra (D)
  4 phantoms (D)
  81 orcs (D)
  10 skeletal warriors (D)
147 creatures vanquished.

Vanquished Creatures (collateral kills)
  2 orcs (D)
2 creatures vanquished.

Grand Total: 149 creatures vanquished

Notes
Turn   | Place    | Note
-------+----------+-------------------------------------------
     0 | D        | Found the +∞ Axe of Woe
     0 | D        | boopmooplesden the Demonspawn Gladiator began the quest for
                  | the Orb.
     0 | D        | Reached XP level 1. HP: 16/16 MP: 1/1
     0 | D        | Noticed a meat berserker
     1 | D        | Noticed a meat berserker
     2 | D        | Killed a meat berserker
     2 | D        | Noticed a bag of meat
     2 | D        | Noticed a bag of meat
     2 | D        | Noticed a bag of meat
     3 | D        | Reached skill level 10 in Fighting
     3 | D        | Discovered your monstrous ancestry.
     3 | D        | Gained mutation: You have large cloven feet. [demonic
                  | ancestry]
     3 | D        | Reached XP level 2. HP: 36/36 MP: 2/2
     3 | D        | Gained mutation: You have a pair of small horns on your
                  | head. [demonic ancestry]
     3 | D        | Reached XP level 3. HP: 42/42 MP: 3/3
     3 | D        | Gained mutation: Your touch may inflict minor irresistible
                  | damage on your foes. [demonic ancestry]
     3 | D        | Reached XP level 4. HP: 48/48 MP: 4/4
     3 | D        | Reached XP level 5. HP: 54/54 MP: 5/5
     3 | D        | Gained mutation: A weak demonic guardian rushes to your
                  | aid. [demonic ancestry]
     3 | D        | Reached XP level 6. HP: 61/61 MP: 6/6
     3 | D        | Reached XP level 7. HP: 67/67 MP: 7/7
     3 | D        | Gained mutation: Your touch may inflict irresistible damage
                  | on your foes. [demonic ancestry]
     3 | D        | Reached XP level 8. HP: 73/73 MP: 8/8
     3 | D        | Gained mutation: You are partially covered in sharp spines.
                  | [demonic ancestry]
     3 | D        | Reached XP level 9. HP: 79/79 MP: 9/9
     3 | D        | Gained mutation: You have a pair of horns on your head.
                  | [demonic ancestry]
     3 | D        | Reached XP level 10. HP: 86/86 MP: 10/10
     3 | D        | Gained mutation: You have a pair of large horns on your
                  | head. [demonic ancestry]
     3 | D        | Reached XP level 11. HP: 92/92 MP: 11/11
     3 | D        | Killed a meat berserker
     3 | D        | Noticed a bag of meat
     3 | D        | Noticed a bag of meat
     4 | D        | Reached skill level 10 in Throwing
     4 | D        | Gained mutation: You have hoof-like feet. [demonic
                  | ancestry]
     4 | D        | Reached XP level 12. HP: 102/102 MP: 12/12
     4 | D        | Reached XP level 13. HP: 108/108 MP: 13/13
     4 | D        | Noticed a bag of meat
     6 | D        | Became a worshipper of Makhleb the Destroyer
     7 | D        | Noticed a bag of meat
     7 | D        | Noticed a bag of meat
     8 | D        | Noticed a bag of meat
     9 | D        | Noticed a meat berserker
    10 | D        | Noticed a bag of meat
    10 | D        | Noticed a bag of meat
    10 | D        | Noticed a bag of meat
    11 | D        | Noticed a bag of meat
    11 | D        | Noticed a bag of meat
    12 | D        | Noticed a bag of meat
    12 | D        | Noticed a bag of meat
    12 | D        | Noticed a meat berserker
    12 | D        | Noticed a bag of meat
    12 | D        | Noticed a large bag of meat
    12 | D        | Noticed a bag of meat
    12 | D        | Noticed a meat berserker
    12 | D        | Noticed a bag of meat
    13 | D        | Noticed a meat berserker
    13 | D        | Noticed a bag of meat
    13 | D        | Noticed a meat berserker
    13 | D        | Noticed a bag of meat
    13 | D        | Noticed a bag of meat
    14 | D        | Noticed a bag of meat
    14 | D        | Noticed a bag of meat
    14 | D        | Noticed a bag of meat
    14 | D        | Noticed a bag of meat
    14 | D        | Noticed a large bag of meat
    14 | D        | Noticed a bag of meat
    14 | D        | Noticed a bag of meat
    15 | D        | Noticed a meat berserker
    15 | D        | Killed a meat berserker
    15 | D        | Killed a meat berserker
    15 | D        | Reached * piety under Makhleb
    15 | D        | Killed a bag of meat
    15 | D        | Killed a meat berserker
    15 | D        | Noticed a bag of meat
    15 | D        | Noticed a bag of meat
    16 | D        | Reached XP level 14. HP: 50/125 MP: 14/14
    16 | D        | Gained mutation: A demonic guardian rushes to your aid.
                  | [demonic ancestry]
    16 | D        | Reached XP level 15. HP: 53/131 MP: 15/15
    16 | D        | Reached ** piety under Makhleb
    16 | D        | Reached *** piety under Makhleb
    17 | D        | Reached skill level 27 in Axes
    17 | D        | Reached skill level 27 in Dodging
    17 | D        | Gained mutation: Your presence sometimes corrodes those you
                  | injure. [demonic ancestry]
    17 | D        | Reached XP level 16. HP: 148/148 MP: 16/16
    17 | D        | Noticed a meat berserker
    18 | D        | Reached **** piety under Makhleb
    19 | D        | Noticed a large bag of meat
    19 | D        | Killed a meat berserker
    19 | D        | Reached ***** piety under Makhleb
    19 | D        | Killed a large bag of meat
    19 | D        | Noticed a meat berserker
    20 | D        | Reached skill level 27 in Fighting
    20 | D        | Gained mutation: Your presence sometimes corrodes or
                  | deforms those you injure. [demonic ancestry]
    20 | D        | Reached XP level 17. HP: 120/174 MP: 17/17
    20 | D        | Noticed a large bag of meat
    21 | D        | Killed a meat berserker
    22 | D        | Reached skill level 27 in Throwing
    22 | D        | Gained mutation: Your touch may irresistibly damage your
                  | foes and sap their willpower. [demonic ancestry]
    22 | D        | Reached XP level 18. HP: 158/182 MP: 18/18
    22 | D        | Noticed a meat berserker
    22 | D        | Noticed a large bag of meat
    24 | D        | Reached ****** piety under Makhleb
    24 | D        | Killed a meat berserker
    25 | D        | Reached skill level 27 in Armour
    25 | D        | Noticed a large bag of meat
    26 | D        | Killed a large bag of meat
    27 | D        | Reached skill level 5 in Short Blades
    27 | D        | Reached skill level 5 in Long Blades
    27 | D        | Reached skill level 5 in Maces & Flails
    27 | D        | Reached skill level 5 in Polearms
    27 | D        | Reached skill level 5 in Staves
    27 | D        | Reached skill level 5 in Ranged Weapons
    27 | D        | Reached skill level 5 in Stealth
    27 | D        | Reached skill level 5 in Shields
    27 | D        | Reached skill level 5 in Unarmed Combat
    27 | D        | Reached skill level 5 in Spellcasting
    27 | D        | Reached skill level 5 in Conjurations
    27 | D        | Reached skill level 5 in Summonings
    27 | D        | Reached skill level 5 in Translocations
    27 | D        | Reached skill level 5 in Transmutations
    27 | D        | Reached skill level 5 in Fire Magic
    27 | D        | Reached skill level 5 in Ice Magic
    27 | D        | Reached skill level 5 in Air Magic
    27 | D        | Reached skill level 5 in Earth Magic
    27 | D        | Reached XP level 19. HP: 154/189 MP: 18/26
    27 | D        | Killed a meat berserker
    28 | D        | Noticed a meat berserker
    29 | D        | Reached skill level 10 in Invocations
    29 | D        | Killed a meat berserker
    30 | D        | Gained mutation: You are mostly covered in sharp spines.
                  | [demonic ancestry]
    30 | D        | Reached XP level 20. HP: 197/197 MP: 18/31
    30 | D        | Noticed a meat berserker
    30 | D        | Noticed a destroyer
    30 | D        | Noticed an eight-headed meat hydra
    31 | D        | Killed a meat berserker
    31 | D        | Killed a large bag of meat
    31 | D        | Killed a large bag of meat
    31 | D        | Noticed a meat berserker
    32 | D        | Reached skill level 10 in Stealth
    32 | D        | Reached skill level 10 in Conjurations
    32 | D        | Reached skill level 10 in Summonings
    32 | D        | Reached skill level 10 in Fire Magic
    32 | D        | Reached skill level 10 in Ice Magic
    32 | D        | Reached skill level 10 in Air Magic
    32 | D        | Reached skill level 10 in Earth Magic
    34 | D        | Noticed The Servant
    35 | D        | Noticed a meat berserker
    36 | D        | Reached skill level 10 in Short Blades
    36 | D        | Reached skill level 10 in Long Blades
    36 | D        | Reached skill level 10 in Maces & Flails
    36 | D        | Reached skill level 10 in Polearms
    36 | D        | Reached skill level 10 in Staves
    36 | D        | Reached skill level 10 in Ranged Weapons
    36 | D        | Reached skill level 10 in Shields
    36 | D        | Reached skill level 10 in Unarmed Combat
    36 | D        | Reached skill level 10 in Spellcasting
    36 | D        | Reached skill level 10 in Translocations
    36 | D        | Reached skill level 10 in Transmutations
    36 | D        | Reached skill level 15 in Invocations
    36 | D        | Killed a meat berserker
    37 | D        | Reached XP level 21. HP: 145/204 MP: 19/35
    37 | D        | Killed a destroyer
    37 | D        | Noticed a destroyer
    38 | D        | Killed a large bag of meat
    39 | D        | Gained mutation: You have hooves in place of feet. [demonic
                  | ancestry]
    39 | D        | Reached XP level 22. HP: 162/212 MP: 20/38
    39 | D        | Noticed a destroyer
    40 | D        | Killed The Servant
    40 | D        | Killed a large bag of meat
    41 | D        | Reached skill level 27 in Stealth
    41 | D        | Noticed a destroyer
    42 | D        | Reached skill level 15 in Hexes
    42 | D        | Reached skill level 15 in Necromancy
    42 | D        | Reached skill level 15 in Poison Magic
    42 | D        | Reached skill level 15 in Evocations
    43 | D        | Reached skill level 15 in Summonings
    43 | D        | Reached skill level 15 in Fire Magic
    43 | D        | Reached skill level 15 in Ice Magic
    43 | D        | Reached skill level 15 in Air Magic
    43 | D        | Reached skill level 15 in Earth Magic
    43 | D        | Gained mutation: A powerful demonic guardian rushes to your
                  | aid. [demonic ancestry]
    43 | D        | Reached XP level 23. HP: 205/219 MP: 20/40
    43 | D        | Killed a destroyer
    44 | D        | Reached skill level 15 in Conjurations
    45 | D        | Reached skill level 15 in Short Blades
    45 | D        | Reached skill level 15 in Translocations
    45 | D        | Reached skill level 15 in Transmutations
    48 | D        | Reached skill level 15 in Long Blades
    48 | D        | Reached skill level 15 in Maces & Flails
    48 | D        | Reached skill level 15 in Polearms
    48 | D        | Reached skill level 15 in Staves
    48 | D        | Reached skill level 15 in Ranged Weapons
    48 | D        | Reached skill level 15 in Shields
    48 | D        | Reached skill level 15 in Unarmed Combat
    48 | D        | Reached skill level 15 in Spellcasting
    48 | D        | Killed a destroyer
    48 | D        | Noticed a tyrant
    49 | D        | Gained mutation: You are completely covered in sharp
                  | spines. [demonic ancestry]
    49 | D        | Reached XP level 24. HP: 227/227 MP: 22/42
    52 | D        | Killed a destroyer
    53 | D        | Noticed an accursed
    54 | D        | Noticed a tyrant
    56 | D        | Gained mutation: You can speak a Word of Chaos. [demonic
                  | ancestry]
    56 | D        | Reached XP level 25. HP: 234/234 MP: 23/44
    56 | D        | Noticed a tyrant
    57 | D        | Killed an accursed
    59 | D        | Killed a tyrant
    60 | D        | Reached skill level 27 in Invocations
    63 | D        | Noticed a dread
    64 | D        | Killed a tyrant
    65 | D        | Reached XP level 26. HP: 242/242 MP: 25/46
    65 | D        | Noticed a dread
    66 | D        | Noticed a destroyer
    68 | D        | Killed a destroyer
    69 | D        | Noticed a meat beast
    69 | D        | Noticed a dread
    71 | D        | Killed a dread
    72 | D        | Killed a meat beast
    73 | D        | Reached XP level 27. HP: 181/249 MP: 27/48
    75 | D        | Killed a tyrant
    79 | D        | Noticed a meat beast
    81 | D        | Reached skill level 27 in Necromancy
    83 | D        | Killed a dread
    84 | D        | Killed a meat beast
    84 | D        | Killed a dread
    85 | D        | Reached skill level 27 in Poison Magic
    85 | D        | Reached skill level 27 in Evocations
    87 | D        | Noticed a destroyer
    91 | D        | Mangled by a bag of meat

Illustrated notes

Levels and vault maps discovered:
D:        meatsprint

Skill      XL: |  1  2  3  4  5  6  7  8  9 10 11 12 13 14 15 16 17 18 19 20 21 22 23 24 25 26 27 |
---------------+----------------------------------------------------------------------------------+-----
Fighting       | 10 12 16 20 27 | 27.0
Axes           | 17 20 26 27 | 27.0
Throwing       | 9 10 13 16 25 27 | 27.0
Dodging        | 17 19 24 27 | 27.0
Armour         | 7 19 27 | 27.0
Short Blades   | 5 7 10 12 14 16 18 20 22 24 | 24.8
Long Blades    | 5 7 10 12 13 15 17 18 20 23 | 23.3
Maces & Flails | 5 7 10 12 13 15 17 18 20 23 | 23.3
Polearms       | 5 7 10 12 13 15 17 18 20 23 | 23.3
Staves         | 5 7 10 12 13 15 17 18 20 23 | 23.3
Ranged Weapons | 5 7 10 12 13 15 17 18 20 23 | 23.3
Stealth        | 5 8 11 13 27 | 27.0
Shields        | 5 7 10 12 13 15 17 19 21 24 | 24.0
Unarmed Combat | 5 7 10 12 13 15 17 19 21 24 | 24.0
Spellcasting   | 5 7 10 12 13 15 17 19 21 24 | 24.0
Conjurations   | 5 8 11 13 14 16 18 20 23 25 | 25.9
Hexes          | 6 9 12 14 16 17 19 21 23 26 | 26.5
Summonings     | 5 8 11 13 15 17 19 21 24 26 | 26.7
Necromancy     | 6 9 12 14 16 18 21 23 25 27 | 27.0
Translocations | 5 7 10 12 14 16 18 20 22 24 | 24.8
Transmutations | 5 7 10 12 14 16 18 20 22 24 | 24.7
Fire Magic     | 5 8 11 13 15 17 18 20 22 25 | 25.3
Ice Magic      | 5 8 11 13 15 17 18 20 22 25 | 25.3
Air Magic      | 5 8 11 13 15 17 18 20 22 25 | 25.3
Earth Magic    | 5 8 11 13 15 17 18 20 22 25 | 25.3
Poison Magic   | 6 9 13 14 16 18 20 22 24 27 | 27.0
Invocations    | 8 12 16 19 20 23 25 27 | 27.0
Evocations     | 6 9 12 14 16 18 20 22 24 27 | 27.0

Action                     |  1- 3 |  4- 6 |  7- 9 | 10-12 | 13-15 | 16-18 | 19-21 | 22-24 | 25-27 || total
---------------------------+-------+-------+-------+-------+-------+-------+-------+-------+-------++-------
  Melee: Executioner's axe |     1 |       |       |     1 |     2 |     7 |    10 |    14 |    26 ||    61
    Use: Scroll            |       |       |       |       |       |       |       |     1 |       ||     1
  Dodge: Dodged            |       |       |       |       |       |     1 |       |       |     5 ||     6
